 Dungeon Crawl Stone Soup version 0.31-a0-489-g282fc92437 (webtiles) character file.

Game seed: 4129310156680460750

35388 Ethylacetat the Mimic (level 13, 0/116 HPs)
             Began as an Octopode Gladiator on Aug 8, 2023.
             Was a High Priest of Jiyva.
             Slain by a death yak (27 damage)
             ... on level 3 of the Lair of Beasts.
             The game lasted 00:29:01 (10630 turns).

Ethylacetat the Mimic (Octopode Gladiator)         Turns: 10630, Time: 00:29:01

Health: 0/116      AC:  3    Str: 15    XL:     13   Next: 83%
Magic:  21/22      EV: 20    Int:  5    God:    Jiyva [*****.]
Gold:   423        SH:  0    Dex: 26    Spells: 12/12 levels left

rFire   + . .        a - +0 rapier
rCold   . . .        (no shield)
rNeg    + . .        b - melded +0 hat
rPois   .            (no amulet)
rElec   .            n - ring of protection from fire
rCorr   +            A - ring of Feeddome {+Blink Dex+3 SInv}
SInv    +            G - +5 ring of evasion
Will    .....        H - ring of magical power
Stlth   +++++        L - ring "Yninwekk" {rN+ rCorr Int-5 Dex+6}
HPRegen 1.83/turn    (no ring)
MPRegen 0.63/turn    (no ring)
                     (no ring)

%: no passive effects
@: beast-form, calling ooze, studying Air Magic
A: beast (slay +7), almost no armour, amphibious, 8 rings, camouflage 3,
gelatinous body 1, (nimble swimmer 1), tentacles, iridescent scales 1, robust 2,
wild magic 1, eyeballs 2, tendrils
a: Begin Untransformation, Renounce Religion, Evoke Blink, Oozemancy, Slimify


You were on level 3 of the Lair of Beasts.
You worshipped Jiyva.
Jiyva was extremely pleased with you.
You were a hulking beast.
You visited 2 branches of the dungeon, and saw 14 of its levels.
You also visited: Gauntlet.

You collected 423 gold pieces.

Inventory:

Hand Weapons
 a - a +0 rapier (weapon)
Missiles
 c - 7 throwing nets (quivered)
 K - 5 silver javelins
Armour
 b - a +0 hat (melded)
Jewellery
 n - a ring of protection from fire (left tentacle)
 A - the ring of Feeddome (right tentacle) {+Blink Dex+3 SInv}
   (You found it on level 8 of the Dungeon)

   [ring of see invisible]

   Dex:       It affects your dexterity (+3).
   SInv:      It lets you see invisible.
   +Blink:    It lets you blink.
 F - a ring of positive energy
 G - a +5 ring of evasion (on tentacle)
 H - a ring of magical power (on tentacle)
 L - the ring "Yninwekk" (on tentacle) {rN+ rCorr Int-5 Dex+6}
   (You took it off a minotaur in a Gauntlet)

   [ring of dexterity]

   Int:       It affects your intelligence (-5).
   Dex:       It affects your dexterity (+6).
   rN:        It protects you from negative energy.
   rCorr:     It protects you from acid and corrosion.
Talismans
 e - a beast talisman (active)
Wands
 r - a wand of charming (21)
 s - a wand of polymorph (9)
 y - a wand of flame (12)
Scrolls
 g - 8 scrolls of identify
 h - 2 scrolls of fog {unknown}
 j - 7 scrolls of teleportation
 k - a scroll of acquirement {unknown}
 o - a scroll of immolation {unknown}
 q - 4 scrolls of amnesia {unknown}
 v - 2 scrolls of brand weapon
 x - 3 scrolls of revelation
 z - 2 scrolls of blinking {unknown}
 D - a scroll of noise {unknown}
 E - a scroll of poison {unknown}
 I - 2 scrolls of fear {unknown}
Potions
 d - a potion of haste {unknown}
 f - a potion of ambrosia {unknown}
 i - 4 potions of lignification
 l - a potion of cancellation {unknown}
 m - a potion of brilliance
 p - a potion of heal wounds
 t - 3 potions of curing
 u - a potion of attraction {unknown}
 w - a potion of enlightenment {unknown}
 B - 2 potions of mutation {unknown}
 C - 2 potions of might
 J - a potion of invisibility {unknown}
Miscellaneous
 P - a phial of floods (inert)


   Skills:
 + Level 12.1 Fighting
 + Level 12.3 Short Blades
 - Level 2.0 Throwing
 - Level 3.0 Dodging
 * Level 13.8 Shapeshifting


You had 12 spell levels left.
You didn't know any spells.
Your spell library contained the following spells:

 Spells                   Type           Power      Damage    Failure   Level
 Sandblast                Erth           0%         2d4       56%         1
 Passwall                 Tmut/Erth      0%         N/A       71%         2
 Stone Arrow              Conj/Erth      0%         3d7       89%         3
 Leda's Liquefaction      Hex/Erth       0%         N/A       99%         4
 Lee's Rapid Deconstruct  Erth           0%         3d4*      100%        5
 Leda's Unmaking          Conj/Erth      0%         9d1       100%        6


Dungeon Overview and Level Annotations

Branches:
Dungeon (11/15)            Temple (0/1) D:7            Lair (3/5) D:11
  Swamp (0/4) Lair:2        Snake (0/4) Lair:2          Orc (0/2) D:9
Gauntlet (visited)

Altars:
Ashenzari
Dithmenos
Elyvilon
Fedhas
Kikubaaqudgha
Nemelex Xobeh
Ru
Sif Muna
Wu Jian
Yredelemnul
Zin
The Shining One
Jiyva

Shops:
D:3 ?   D:6 [*(


Innate Abilities, Weirdness & Mutations

You are a hulking beast.
Your limbs bulge with bestial killing power. (Slay +7)
You cannot wear most types of armour.
You are amphibious.
You can wear up to eight rings at the same time.
Your skin perfectly mimics your surroundings (Stealth+++).
Your rubbery body absorbs attacks. (AC +1, EV +1)
((You are camouflaged when in or above water. (Stealth+)))
You have tentacles for arms and can constrict up to eight enemies at once.
You are partially covered in iridescent scales. (AC +2)
You are very robust. (+20% HP)
Your spells are a little harder to cast, but a little more powerful.
Your body has grown many eyes which may confuse attackers. (Acc +5)
You are covered in slimy tendrils that may disarm your opponents.


Message History

You puncture the death yak!
You squeeze the death yak, but do no damage.
The death yak is heavily wounded.
The wall burns the death yak!
The death yak gores you!
The wall burns the death yak!
You hit the death yak but do no damage. You squeeze the death yak!
The death yak is severely wounded.
The wall burns the death yak!
The death yak gores you!!
You hit the death yak but do no damage.
The death yak is almost dead.
You hit the death yak but do no damage.
The death yak is almost dead.
The wall burns the death yak!
The death yak barely misses you.
The wall burns the death yak!
You hit the death yak. You squeeze the death yak!
You kill the death yak! 2 elephants come into view.
You stop calling forth ooze.
The death yak gores you! The death yak gores you!!
The elephant moves out of view.
The elephant trumpets!
Things that are here:
a death yak corpse; a death yak corpse The death yak attacks as you move away!
The death yak gores you!
* * * LOW HITPOINT WARNING * * *
You hear a trumpeting!
Activating: Oozemancy (1% risk of failure)
Press: ? - help, Dir - look around, f - activate Slime begins to ooze from the nearby walls!
The walls burn the death yak!
The death yak gores you!
* * * LOW HITPOINT WARNING * * *
You feel much better.
The walls burn the death yak!
The death yak gores you!
You puncture the death yak!
The death yak is heavily wounded.
The walls burn the death yak!
The death yak gores you!
* * * LOW HITPOINT WARNING * * *
You hit the death yak.
The death yak is heavily wounded.
The walls burn the death yak!
The death yak gores you!!
You die...

###.#......... ####.......#.#
#. ......<.....# ##### #..
†..........########P..####...
##.##P.....P##.#...Y........#
######......................#
#P...........Y..........#Y
#...........Y##.#.#.......
##>..##......#h####........
##...P###........#........##
#...### #................##
##...# ##.#...#.#.$...###
#...## #####.######### ##..##
### #...# #..P# ##.##


You could see a death yak.

Vanquished Creatures
  Kirke (Lair:3)
  A minotaur (Gauntlet)
  2 hydras
  Harold (Lair:2)
  5 death yaks (Lair:3)
  Erica (Lair:2)
  2 two-headed ogres
  A sixfirhy (Gauntlet)
  A wizard (Gauntlet)
  A necromancer (Gauntlet)
  2 oklob plants
  7 elephants (Lair:3)
  A cyclops (D:7)
  3 black mambas
  A torpor snail (Lair:3)
  5 cane toads
  Psyche (D:11)
  4 rime drakes
  Maggie (D:9)
  4 kobold demonologists (D:11)
  4 komodo dragons
  2 polar bears (Lair:3)
  A hornet (Lair:2)
  A troll (D:11)
  A tyrant leech (Lair:2)
  7 blink frogs
  A spriggan (Lair:2)
  A wraith (D:7)
  2 hogs (Lair:3)
  7 wyverns
  16 yaks
  A basilisk (D:11)
  4 vampire mosquitoes (D:11)
  2 acid dragons
  2 nagas (Lair:2)
  2 swamp worms (Lair:2)
  Duvessa (D:5)
  13 water moccasins
  2 orc warriors (D:8)
  2 ice beasts (D:5)
  3 ogres
  2 sky beasts
  3 black bears
  14 wolves
  3 centaurs
  3 phantoms
  5 kobold brigands
  5 bullfrogs
  6 scorpions
  Dowan (D:5)
  6 killer bees (D:7)
  An electric eel (Lair:3)
  An oklob sapling (D:7)
  3 howler monkeys
  A hound (D:4)
  3 orc priests
  A gnoll bouda (D:5)
  Terence (D:3)
  4 iguanas
  2 orc wizards (D:8)
  7 gnolls (D:5)
  5 adders
  A shadow imp (Gauntlet)
  4 white imps
  4 ufetubi (Gauntlet)
  2 worms
  7 dart slugs
  16 orcs
  6 ball pythons
  3 endoplasms
  8 giant cockroaches
  7 goblins
  4 hobgoblins
  7 jackals (D:1)
  6 quokkas
  5 bats
  2 frilled lizards (D:2)
  8 kobolds
  6 rats
  A spectral orc (D:10)
294 creatures vanquished.

Vanquished Creatures (collateral kills)
  2 two-headed ogres
  A tyrant leech (Lair:2)
  10 yaks
  An orc wizard (D:10)
  An orc (D:10)
15 creatures vanquished.

Vanquished Creatures (others)
  4 humans (Lair:3)
  A phantom (D:5)
  A kobold brigand (D:10)
  2 bullfrogs
  A scorpion (D:6)
  22 jellies
  A hound (D:5)
  Crazy Yiuf (D:6)
  An adder (D:5)
  7 orcs
  A giant cockroach (D:4)
  3 kobolds
  3 quokkas (D:3)
48 creatures vanquished.

Grand Total: 357 creatures vanquished

Notes
Turn   | Place    | Note
-------+----------+-------------------------------------------
     0 | D:1      | Ethylacetat the Octopode Gladiator began the quest for the
                  | Orb.
     0 | D:1      | Reached XP level 1. HP: 14/14 MP: 1/1
    87 | D:1      | Reached XP level 2. HP: 19/19 MP: 2/2
   287 | D:1      | Reached XP level 3. HP: 22/25 MP: 3/3
   416 | D:1      | Reached skill level 1 in Shapeshifting
   895 | D:2      | Reached XP level 4. HP: 31/31 MP: 4/4
  1113 | D:3      | Found Pullir's Magic Scroll Boutique.
  1411 | D:3      | Found a faded altar of an unknown god.
  1439 | D:3      | Prayed at the altar of an unknown god.
  1439 | D:3      | Became a worshipper of Jiyva Jihacw the Shapeless
  1439 | D:3      | Reached * piety under Jiyva
  1605 | D:3      | Noticed Terence
  1613 | D:3      | Killed Terence
  1614 | D:3      | Reached skill level 2 in Shapeshifting
  1633 | D:3      | Reached XP level 5. HP: 33/36 MP: 5/5
  2034 | D:4      | Reached ** piety under Jiyva
  2034 | D:4      | Found an ancient bone altar of Kikubaaqudgha.
  2139 | D:4      | Found a white marble altar of Elyvilon.
  2189 | D:4      | Found a faded altar of an unknown god.
  2189 | D:4      | Found a glowing golden altar of the Shining One.
  2197 | D:4      | Found an ornate altar of the Wu Jian Council.
  2199 | D:4      | Found a shadowy altar of Dithmenos.
  2201 | D:4      | Found a blossoming altar of Fedhas.
  2269 | D:4      | Found a sparkling altar of Nemelex Xobeh.
  2291 | D:4      | Reached XP level 6. HP: 38/43 MP: 6/6
  2307 | D:4      | Reached skill level 3 in Shapeshifting
  2395 | D:4      | Found a glowing silver altar of Zin.
  2664 | D:5      | Entered Level 5 of the Dungeon
  2664 | D:5      | Noticed Duvessa
  2664 | D:5      | Noticed Dowan
  2664 | D:5      | Noticed an ice beast
  2669 | D:5      | Reached *** piety under Jiyva
  2689 | D:5      | Reached XP level 7. HP: 35/48 MP: 7/7
  2738 | D:5      | Reached skill level 4 in Shapeshifting
  2801 | D:5      | Reached skill level 5 in Short Blades
  2801 | D:5      | Killed Duvessa
  2806 | D:5      | Killed Dowan
  2830 | D:5      | Reached XP level 8. HP: 42/54 MP: 8/8
  2915 | D:5      | Reached skill level 5 in Fighting
  2945 | D:5      | Gained mutation: You are covered in slimy tendrils that may
                  | disarm your opponents. [Jiyva's grace]
  2945 | D:5      | Gained mutation: You are partially covered in iridescent
                  | scales. (AC +2) [Jiyva's grace]
  2945 | D:5      | Gained mutation: You are mostly covered in iridescent
                  | scales. (AC +4) [Jiyva's grace]
  2945 | D:5      | Gained mutation: You are completely covered in iridescent
                  | scales. (AC +6) [Jiyva's grace]
  2994 | D:5      | Reached skill level 5 in Shapeshifting
  3236 | D:6      | Noticed a wyvern
  3249 | D:6      | Killed a wyvern
  3359 | D:6      | Reached skill level 6 in Shapeshifting
  3406 | D:6      | Found Xuim's General Store.
  3408 | D:6      | Found Merum's Antique Weapon Emporium.
  3409 | D:6      | Found Laoclul's Antique Armour Emporium.
  3472 | D:6      | Found a runed translucent door.
  3473 | D:6      | Noticed Crazy Yiuf
  3503 | D:6      | Reached **** piety under Jiyva
  3678 | D:6      | Reached XP level 9. HP: 54/62 MP: 9/9
  4363 | D:6      | Killed Crazy Yiuf
  4451 | D:7      | You fall into a shaft and drop 3 floors!
  4451 | D:10     | Entered Level 10 of the Dungeon
  4621 | D:9      | Reached ***** piety under Jiyva
  4719 | D:9      | Noticed a two-headed ogre
  4720 | D:9      | Lost mutation: You are completely covered in iridescent
                  | scales. (AC +6) [Jiyva's grace]
  4720 | D:9      | Lost mutation: You are covered in slimy tendrils that may
                  | disarm your opponents. [Jiyva's grace]
  4720 | D:9      | Gained mutation: Your body has grown eyes which may confuse
                  | attackers. (Acc +3) [Jiyva's grace]
  4720 | D:9      | Gained mutation: Your body has grown many eyes which may
                  | confuse attackers. (Acc +5) [Jiyva's grace]
  4720 | D:9      | Gained mutation: Your body is covered in eyes which may
                  | confuse attackers. (Acc +7, SInv) [Jiyva's grace]
  4720 | D:9      | Gained mutation: You are somewhat resistant to further
                  | mutation. [Jiyva's grace]
  4722 | D:9      | Found a staircase to the Orcish Mines.
  4723 | D:9      | Killed a two-headed ogre
  4724 | D:9      | Reached skill level 7 in Shapeshifting
  4841 | D:9      | Noticed Maggie
  4864 | D:9      | Killed Maggie
  4865 | D:9      | Reached skill level 8 in Shapeshifting
  4865 | D:9      | Reached XP level 10. HP: 65/71 MP: 10/10
  5116 | D:9      | Found a sacrificial altar of Ru.
  5289 | D:10     | Noticed a two-headed ogre
  5305 | D:10     | Killed a two-headed ogre
  5312 | D:10     | Reached skill level 9 in Shapeshifting
  5538 | D:10     | Found a basalt altar of Yredelemnul.
  5686 | D:10     | Found a shimmering blue altar of Sif Muna.
  5880 | D:8      | Identified the ring of Feeddome {+Blink Dex+3 SInv}
  5885 | D:8      | Noticed a two-headed ogre
  5888 | D:8      | Killed a two-headed ogre
  5999 | D:8      | Reached XP level 11. HP: 56/78 MP: 11/11
  6378 | D:7      | Noticed a cyclops
  6400 | D:7      | Killed a cyclops
  6401 | D:7      | Reached skill level 10 in Shapeshifting
  6569 | D:7      | Found a broken altar of Ashenzari.
  6645 | D:7      | Found a staircase to the Ecumenical Temple.
  6865 | D:7      | Lost mutation: You are somewhat resistant to further
                  | mutation. [Jiyva's grace]
  6865 | D:7      | Gained mutation: Your system is resistant to poisons.
                  | (rPois) [Jiyva's grace]
  6865 | D:7      | Gained mutation: You are robust. (+10% HP) [Jiyva's grace]
  6865 | D:7      | Gained mutation: You are very robust. (+20% HP) [Jiyva's
                  | grace]
  6865 | D:7      | Gained mutation: You are extremely robust. (+30% HP)
                  | [Jiyva's grace]
  6879 | D:7      | Reached ****** piety under Jiyva
  7320 | D:11     | Noticed Psyche
  7328 | D:11     | Killed Psyche
  7460 | D:11     | Found a staircase to the Lair.
  7460 | D:11     | Noticed a two-headed ogre
  7477 | D:11     | Killed a two-headed ogre
  7495 | Lair:1   | Entered Level 1 of the Lair of Beasts
  7626 | Lair:1   | Reached skill level 10 in Short Blades
  7626 | Lair:1   | Reached skill level 11 in Shapeshifting
  7651 | Lair:1   | Reached XP level 12. HP: 35/113 MP: 12/12
  7871 | Lair:1   | Reached skill level 10 in Fighting
  8164 | Lair:2   | Found a gate leading to a gauntlet.
  8185 | Gauntlet | Entered a Gauntlet
  8185 | Gauntlet | Noticed a green death
  8185 | Gauntlet | Found a transporter.
  8185 | Gauntlet | Found a transporter.
  8185 | Gauntlet | Found a transporter.
  8206 | Gauntlet | Found a transporter.
  8209 | Gauntlet | Noticed a hell beast
  8218 | Gauntlet | Found a transporter.
  8237 | Gauntlet | Found a transporter.
  8245 | Gauntlet | Found a transporter.
  8251 | Gauntlet | Found a transporter.
  8268 | Gauntlet | Lost mutation: You are mostly covered in iridescent scales.
                  | (AC +4) [Jiyva's grace]
  8268 | Gauntlet | Lost mutation: Your system is resistant to poisons. (rPois)
                  | [Jiyva's grace]
  8268 | Gauntlet | Lost mutation: You are extremely robust. (+30% HP) [Jiyva's
                  | grace]
  8268 | Gauntlet | Lost mutation: Your body is covered in eyes which may
                  | confuse attackers. (Acc +7, SInv) [Jiyva's grace]
  8268 | Gauntlet | Gained mutation: Your skin blends seamlessly with your
                  | surroundings (Stealth++). [Jiyva's grace]
  8268 | Gauntlet | Gained mutation: Your skin perfectly mimics your
                  | surroundings (Stealth+++). [Jiyva's grace]
  8268 | Gauntlet | Gained mutation: You are covered in slimy tendrils that may
                  | disarm your opponents. [Jiyva's grace]
  8268 | Gauntlet | Gained mutation: Your spells are a little harder to cast,
                  | but a little more powerful. [Jiyva's grace]
  8268 | Gauntlet | Found a transporter.
  8276 | Gauntlet | Found a transporter.
  8294 | Gauntlet | Found a transporter.
  8319 | Gauntlet | Found a transporter.
  8411 | Gauntlet | Reached skill level 12 in Shapeshifting
  8512 | Gauntlet | Identified the +7 ring mail "Put-Me-On" {rN+ Str+2}
  8512 | Gauntlet | Identified the ring "Yninwekk" {rN+ rCorr Int-5 Dex+6}
  8512 | Gauntlet | Noticed a minotaur
  8535 | Gauntlet | Killed a minotaur
  8691 | Lair:2   | Found a staircase to the Swamp.
  8889 | Lair:2   | Noticed Harold
  8905 | Lair:2   | Killed Harold
  8937 | Lair:2   | Reached XP level 13. HP: 90/114 MP: 13/13
  8959 | Lair:2   | Noticed Erica
  8970 | Lair:2   | Killed Erica
  9094 | Lair:2   | Found a staircase to the Snake Pit.
  9220 | Lair:2   | Reached skill level 13 in Shapeshifting
 10002 | Lair:3   | Noticed Kirke
 10037 | Lair:3   | Killed Kirke
 10630 | Lair:3   | Slain by a death yak

Illustrated notes

Levels and vault maps discovered:
D:1:      scummos_arrival_checkerplants, layout_rooms
D:2:      layout_loops_ring
D:3:      layout_basic, serial_shops, shop,
          hellmonk_ecumenical_altar_pennies_from_heaven, grunt_ministairs_11,
          hangedman_decor_peaks_small, uniq_terence
D:4:      layout_gridville, zin_statuary, kiku_gazebo_garden_becter,
          chequers_temple_overflow_minitemple, mainiacjoe_overflow_catwalk,
          nemelex_spade_bored_becter
D:5:      layout_rooms, grunt_ministairs_3, uniq_duvessa
D:6:      layout_layer_cave, nicolae_shop_distant_corner_stores,
          serial_bayou_pond_c, uniq_crazy_yiuf_cottage
D:7:      minmay_cornered_nines, layout_loops_ring, ashenzari_altar_1,
          minmay_temple_entry_oklob, grunt_ogre_cave
D:8:      layout_rooms, hangedman_decor_clover_reticule, minmay_manual_maat
D:9:      layout_loops_cross, nicolae_ru_great_annihilating_truth, orc_0_dummy,
          minmay_misc_feat_alley, hangedman_decor_lopped, uniq_maggie
D:10:     layout_basic, yredelemnul_forgotten_temple_becter,
          general_overflow_altar
D:11:     layout_roguey, david_lair_generic, uniq_psyche
Lair:1:   layout_roguey, serial_bayou_crossing, grunt_megastairs_3
Lair:2:   layout_long_grid, minmay_swamp_entry_worms,
          guppyfry_snake_entry_island, gauntlet_entry_generic,
          minmay_lair_oklob_bushes, grunt_forest_large_clearing_hut,
          uniq_harold, uniq_erica
Lair:3:   layout_layer_cave, infiniplex_staircase_pool, uniq_kirke

Skill      XL: |  1  2  3  4  5  6  7  8  9 10 11 12 13 |
---------------+----------------------------------------+-----
Shapeshifting  | 1 2 3 4 6 8 9 11 12 13 | 13.8
Fighting       | 3 4 6 7 8 9 11 12 | 12.1
Short Blades   | 4 5 6 7 8 10 11 12 | 12.3
Throwing       | |  2.0
Dodging        | |  3.0

Action                     |  1- 3 |  4- 6 |  7- 9 | 10-12 | 13-15 || total
---------------------------+-------+-------+-------+-------+-------++-------
  Melee: Rapier            |    80 |    87 |   114 |   377 |   224 ||   882
         Constrict         |    26 |    23 |    24 |    68 |    20 ||   161
         Tentacles         |    11 |    23 |    38 |   118 |    90 ||   280
         Punch             |     1 |     2 |     3 |    10 |     2 ||    18
         Unarmed           |       |       |       |       |    19 ||    19
  Throw: Throwing net      |       |       |       |     2 |       ||     2
 Invoke: Oozemancy         |       |       |     1 |     6 |     4 ||    11
Ability: Evoke Blink       |       |       |       |     1 |     1 ||     2
  Evoke: Phial of floods   |       |       |       |       |     1 ||     1
    Use: Scroll            |       |     1 |       |     4 |       ||     5
         Potion            |       |       |       |     6 |     2 ||     8
   Stab: Sleeping          |    12 |     5 |     1 |     7 |       ||    25
         Confused          |       |       |       |    16 |     6 ||    22
         Paralysed         |       |       |       |     1 |       ||     1
         Distracted        |       |       |       |     1 |     1 ||     2
 Armour: Skin              |     7 |     3 |    23 |    51 |    20 ||   104
  Dodge: Dodged            |    50 |    56 |    63 |   196 |   193 ||   558
   Form: Beast             |     1 |       |       |       |       ||     1

Table legend: (Time is in decaauts)
 A = Elapsed time spent in this place.
 B = Non-inter-level travel time spent in this place.
 C = Inter-level travel time spent in this place.
 D = Time resting spent in this place.
 E = Time spent auto-exploring this place.
 F = Levels seen in this place.
 G = Mean time per level.
                   A        B        C        D        E       F      G
               +--------+--------+--------+--------+--------+-----+--------+
         Total |  10441 |   9997 |    444 |     98 |   7868 |  15 |  696.1 |
       Dungeon |   7444 |   7062 |    382 |      4 |   5870 |  11 |  676.7 |
          Lair |   2630 |   2568 |     62 |     71 |   1863 |   3 |  876.7 |
      Gauntlet |    366 |    366 |      0 |     23 |    135 |   1 |  366.0 |
               +--------+--------+--------+--------+--------+-----+--------+

Top non-repeatable levels by time:
     D:6: 1187 daAuts
  Lair:2: 1171 daAuts
     D:3: 918 daAuts
  Lair:3: 863 daAuts
     D:7: 777 daAuts
     D:9: 757 daAuts
     D:4: 674 daAuts
     D:2: 647 daAuts
    D:10: 622 daAuts
  Lair:1: 595 daAuts
     D:8: 580 daAuts
     D:5: 556 daAuts
     D:1: 424 daAuts
Gauntlet: 366 daAuts
    D:11: 299 daAuts
